 Dungeon Crawl Stone Soup version 0.23-a0-644-gb60d84b (webtiles) character file.

803 Lanoc the Ruffian (level 7, -6/70 HPs)
             Began as a Troll Monk on Jan 2, 2019.
             Was a Believer of Nemelex Xobeh.
             Shot with an arrow by a centaur (10 damage)
             ... on level 5 of the Dungeon.
             The game lasted 00:05:34 (2215 turns).

Lanoc the Ruffian (Troll Monk)                      Turns: 2215, Time: 00:05:35

Health: -6/70      AC: -5    Str: 22    XL:     7   Next: 59%
Magic:  7/8        EV: 13    Int:  6    God:    Nemelex Xobeh [**....]
Gold:   183        SH:  0    Dex: 12    Spells: 6/6 levels left

rFire    . . .     SeeInvis .     - Unarmed
rCold    . . .     Gourm    +   (no shield)
rNeg     . . .     Faith    .   a - +0 robe
rPois    .         Spirit   .   r - +2 hat
rElec    .         Reflect  .   (no cloak)
rCorr    .         Harm     .   (gloves unavailable)
MR       .....                  (boots unavailable)
Stlth    ++........             (no amulet)
HPRegen  0.61/turn              q - +2 ring of evasion
MPRegen  0.11/turn              (no ring)

@: corroded
A: large, unfitting armour, claws 3, fast metabolism 3, gourmand, regeneration
1, shaggy fur 1, tough skin 2
a: Draw Escape, Draw Destruction, Draw Summoning, Renounce Religion


You were on level 5 of the Dungeon.
You worshipped Nemelex Xobeh.
Nemelex Xobeh was pleased with you.
You were completely stuffed.

You visited 2 branches of the dungeon, and saw 6 of its levels.

You collected 183 gold pieces.

Inventory:

Armour
 a - a +0 robe (worn)
 r - a +2 hat (worn)
Jewellery
 q - a +2 ring of evasion (left claw)
Wands
 t - a wand of disintegration (8)
 w - a wand of scattershot (1)
Scrolls
 c - 7 scrolls of identify {unknown}
 g - 2 scrolls of remove curse {unknown}
 h - a scroll of random uselessness {unknown}
 i - 2 scrolls of blinking {unknown}
 k - a scroll of amnesia {unknown}
 l - a scroll of magic mapping {unknown}
 m - a scroll of fear {unknown}
 u - 2 scrolls of enchant weapon {unknown}
Potions
 d - 2 potions of ambrosia {unknown}
 e - a potion of mutation {unknown}
 f - 5 potions of curing {unknown}
 j - 2 potions of degeneration {unknown}
 n - 2 potions of might {unknown}
 p - a potion of flight {unknown}
 s - a potion of berserk rage {unknown}
 v - a potion of heal wounds {unknown}
Comestibles
 b - 7 rations
 o - 7 chunks of flesh


   Skills:
 + Level 4.0 Fighting
 + Level 4.0 Dodging
 - Level 1.0 Stealth
 * Level 6.3 Unarmed Combat
 + Level 2.7 Invocations


You had 6 spell levels left.
You didn't know any spells.
Your spell library contained the following spells:

 Spells                   Type           Power        Failure   Level  Hunger
 Animate Skeleton         Necr           N/A          45%         1    ##.....
 Pain                     Necr           #...         45%         1    ##.....
 Regeneration             Chrm/Necr      #.........   83%         3    ####...
 Vampiric Draining        Necr           #.........   83%         3    ####...
 Animate Dead             Necr           N/A          99%         4    #####..


Dungeon Overview and Level Annotations

Branches:
Dungeon (5/15)             Temple (1/1) D:5

Altars:
Dithmenos
Elyvilon
Fedhas
Gozag
Hepliaklqana
Kikubaaqudgha
Makhleb
Nemelex Xobeh
Okawaru
Ru
Trog
Vehumet
Xom
Yredelemnul
Zin
The Shining One


Innate Abilities, Weirdness & Mutations

You are too large for most types of armour.
You have claws for hands.
Your metabolism is lightning-fast.
You like to eat raw meat.
Your natural rate of healing is unusually fast.
You are covered in fur. (AC +1)
You have very tough skin. (AC +2)


Message History

A centaur comes into view.
The centaur shouts!
Your vampire mosquito closely misses the hound.
Your air elemental hits the hound!
The hound dies!
The centaur wields a +0 shortbow.
The centaur shoots an arrow.
The arrow hits you!
* * * LOW HITPOINT WARNING * * *
What are your orders? t - Shout!
Orders for allies: a - Attack new target. r - Retreat! s - Stop attacking. g - Guard the area. f - Follow me.
Anything else - Cancel.
Gang up on whom?
Press: ? - help, Dir - move target cursor, f - centaur
Aim: a centaur, wielding a +0 shortbow Attack!
The centaur shoots an arrow.
The arrow hits you!
You die...
Your body glows slightly and disappears.

.#......... #..##
.##........ ##[>..#
.).........## .....###
))..........####.....#
.)..<.........#.....#
###.................#
......##............#####
####..#.................##.
####.##.........@yy.†......
...#.........)..y.E...†....
.........#.......y†.....#..
#.#......#.##.......)...# .
..##...)............#..#..
..##..##...........##......
#<#...##...................
............c.....##......
##.<.............###......


You could see a centaur, a friendly air elemental and 4 friendly vampire
mosquitoes.

Vanquished Creatures
  An ogre (D:5)
  A centaur zombie (D:5)
  A crimson imp (D:5)
  A jelly (D:5)
  2 hounds
  4 orc priests
  2 orc wizards
  Ijyb (D:5)
  A bullfrog skeleton (D:4)
  4 worker ants
  2 hound skeletons (D:4)
  4 adders
  An ooze (D:5)
  4 worms
  2 dart slugs
  3 leopard geckos
  33 orcs
  4 bats
  4 giant cockroaches
  7 goblins
  8 hobgoblins
  2 quokkas
  2 ball pythons
  8 frilled lizards
  A jackal skeleton (D:5)
  10 kobolds
  3 quokka skeletons (D:4)
  15 rats
131 creatures vanquished.

Vanquished Creatures (collateral kills)
  A hound (D:5)
  A worker ant (D:5)
  A ball python (D:5)
3 creatures vanquished.

Grand Total: 134 creatures vanquished

Notes
Turn   | Place    | Note
-------+----------+-------------------------------------------
     0 | D:1      | Lanoc the Troll Monk began the quest for the Orb.
     0 | D:1      | Reached XP level 1. HP: 22/22 MP: 0/0
   122 | D:1      | Reached XP level 2. HP: 29/29 MP: 1/1
   430 | D:2      | Reached XP level 3. HP: 36/36 MP: 2/2
   555 | D:2      | Reached skill level 4 in Unarmed Combat
   555 | D:2      | Reached XP level 4. HP: 34/44 MP: 3/3
   670 | D:2      | Found a sparkling altar of Nemelex Xobeh.
   680 | D:2      | Became a worshipper of Nemelex Xobeh the Trickster
   680 | D:2      | Received a gift from Nemelex Xobeh
   680 | D:2      | Reached * piety under Nemelex Xobeh
   680 | D:2      | Received a gift from Nemelex Xobeh
   680 | D:2      | Reached ** piety under Nemelex Xobeh
   890 | D:3      | Found a glowing silver altar of Zin.
   908 | D:3      | Reached XP level 5. HP: 53/53 MP: 4/4
   963 | D:3      | Reached skill level 1 in Invocations
  1340 | D:4      | Received a gift from Nemelex Xobeh
  1449 | D:4      | Reached skill level 5 in Unarmed Combat
  1463 | D:4      | Reached XP level 6. HP: 21/61 MP: 4/6
  1815 | D:5      | Entered Level 5 of the Dungeon
  1830 | D:5      | Reached XP level 7. HP: 21/68 MP: 7/7
  1917 | D:5      | Found a staircase to the Ecumenical Temple.
  1918 | D:5      | Noticed Ijyb
  1928 | D:5      | Killed Ijyb
  1938 | Temple   | Entered the Ecumenical Temple
  2065 | D:5      | Reached skill level 6 in Unarmed Combat
  2198 | D:5      | Noticed a vampire mosquito
  2213 | D:5      | HP: 3/70 [centaur/arrow (12)]
  2215 | D:5      | Shot with an arrow by a centaur

Vault maps used:
D:1:      ebering_trefoil_twist, minmay_rat_gold_closets
D:2:      nemelex_altar_shiori, minmay_misc_feat_columns
D:3:      zin_academy, goddamned_bats
D:5:      minmay_temple_entry_crystal_x, first_ration, uniq_ijyb
Temple:   nicolae_temple_great_sept

Skill      XL: |  1  2  3  4  5  6  7 |
---------------+----------------------+-----
Unarmed Combat | 4 5 6 |  6.3
Fighting       | 3 4 |  4.0
Dodging        | 3 4 |  4.0
Invocations    | 1 2 |  2.7
Stealth        | |  1.0

Action                   |  1- 3 |  4- 6 |  7- 9 || total
-------------------------+-------+-------+-------++-------
Melee: Unarmed           |    87 |   189 |    44 ||   320
       Punch             |       |     4 |       ||     4
 Abil: Draw Destruction  |       |     2 |     1 ||     3
       Draw Escape       |       |       |     1 ||     1
       Draw Summoning    |       |       |     1 ||     1
 Stab: Sleeping          |     4 |     4 |       ||     8
  Eat: Chunk             |     6 |    17 |     3 ||    26
Armor: Robe              |    23 |    45 |     9 ||    77
Dodge: Dodged            |    42 |   109 |    37 ||   188

Table legend:
 A = Non-vault XP
 B = Vault XP
 C = Vault XP percentage of total XP
 D = Non-vault monster count
 E = Vault monster count
 F = Vault count percentage of total count
                 A         B        C        D         E       F
            +---------+---------+-------+---------+---------+-------
      Total |    1100 |      48 |   4.2 |     124 |      10 |   7.5
            +---------+---------+-------+---------+---------+-------
        D:1 |      21 |       9 |  30.0 |      13 |       9 |  40.9
        D:2 |      90 |       0 |   0.0 |      24 |       0 |   0.0
        D:3 |     166 |       0 |   0.0 |      35 |       0 |   0.0
        D:4 |     312 |       0 |   0.0 |      33 |       0 |   0.0
        D:5 |     511 |      39 |   7.1 |      19 |       1 |   5.0
            +---------+---------+-------+---------+---------+-------
